HBL
COLUMBUS CLIPPERS @ MILWAUKEE OTTERS
05/20/1997
 
TOP OF THE 1ST
Columbus Clippers batting - Pitching for Milwaukee Otters : RHP Les Lancaster
Pitching: RHP Les Lancaster
Batting: LHB Kenjiro Nomura 0-0: Called Strike
0-1: Foul Ball, location: 2F
0-2: Ball
1-2: Ball
2-2: Fly out, F8 (Line Drive, 8RM, EV 101.3 MPH)
Batting: RHB Carlos Garcia 0-0: Ball
1-0: Ball
2-0: Ball
3-0: Base on Balls
Batting: RHB Bubba Trammell 0-0: Ball
Passed Ball!
Carlos Garcia to second
1-0: Ball
2-0: Ball
Passed Ball!
Carlos Garcia to third
3-0: Base on Balls
Batting: RHB Kevin Orie 0-0: Called Strike
0-1: Ball
1-1: Ball
2-1: Swinging Strike
2-2: Fly out, F7 (Flyball, 7S, EV 80.0 MPH)
Batting: RHB Wendell Magee 0-0: SINGLE (Line Drive, 7LS, EV 105.0 MPH)
Carlos Garcia scores
Bubba Trammell to second
Batting: LHB Chris Pritchett 0-0: Ground out 4-3 (Groundball, 4, EV 100.6 MPH)
Top of the 1st over - 1 run, 1 hit, 0 errors, 2 left on base; Columbus 1 - Milwaukee 0
BOTTOM OF THE 1ST
Milwaukee Otters batting - Pitching for Columbus Clippers : RHP Osvaldo Fernandez
Pitching: RHP Osvaldo Fernandez
Batting: RHB Chris Sabo 0-0: Ball
1-0: Called Strike
1-1: Ball
2-1: Ground out 3-1 (Groundball, 34, EV 91.9 MPH)
Batting: RHB Carlos A. Martinez 0-0: Ground out 5-3 (Groundball, 56S, EV 86.9 MPH)
Batting: LHB Brady Anderson 0-0: DOUBLE (Groundball, 5L, EV 107.5 MPH)
Batting: LHB Oddibe McDowell 0-0: Called Strike
0-1: SINGLE (Groundball, 2L, EV 76.3 MPH) (infield hit)
Brady Anderson to third
Batting: RHB Cal Ripken Jr. 0-0: Called Strike
Oddibe McDowell steals 2nd base
0-1: Fly out, F9 (Flyball, 89M, EV 89.4 MPH)
Bottom of the 1st over - 0 runs, 2 hits, 0 errors, 2 left on base; Columbus 1 - Milwaukee 0
TOP OF THE 2ND
Columbus Clippers batting - Pitching for Milwaukee Otters : RHP Les Lancaster
Batting: RHB Tilson Brito 0-0: Ball
1-0: Ball
2-0: Called Strike
2-1: Ball
3-1: Fly out, F8 (Flyball, 8RS, EV 94.4 MPH)
Batting: RHB Miguel Mejia 0-0: Ground out 5-3 (Groundball, 56, EV 96.9 MPH)
Batting: RHB Alberto T Castillo 0-0: Ball
1-0: Ball
2-0: Foul Ball, location: 2F
2-1: Ball
3-1: Base on Balls
Batting: LHB Kenjiro Nomura 0-0: Fly out, F9 (Line Drive, 9, EV 98.8 MPH)
Top of the 2nd over - 0 runs, 0 hits, 0 errors, 1 left on base; Columbus 1 - Milwaukee 0
BOTTOM OF THE 2ND
Milwaukee Otters batting - Pitching for Columbus Clippers : RHP Osvaldo Fernandez
Batting: RHB Robby Thompson 0-0: Ball
1-0: Swinging Strike
1-1: SINGLE (Line Drive, 8LS, EV 95.0 MPH)
Batting: LHB Frank Catalanotto 0-0: Foul Ball, location: 2F
0-1: Swinging Strike
0-2: Foul Ball, location: 2F
0-2: Foul Ball, location: 2F
0-2: Ball
1-2: Foul Ball, location: 2F
1-2: Ball
2-2: Ball
3-2: Strikes out swinging
Batting: SHB Desi Relaford 0-0: Swinging Strike
0-1: Ball
1-1: Called Strike
1-2: Ball
2-2: Ball
Wild Pitch!
Robby Thompson to second
3-2: Foul Ball, location: 2F
3-2: Base on Balls
Batting: RHB Joe Vitiello 0-0: Ball
1-0: DOUBLE (Flyball, 8RXD, EV 105.0 MPH)
Robby Thompson scores
Desi Relaford to third
Batting: RHB Chris Sabo 0-0: Swinging Strike
0-1: SINGLE (Line Drive, 8RS, EV 94.4 MPH)
Desi Relaford scores
Joe Vitiello to third
Runner from 3rd tries for Home, SAFE, throw by CF to home
Batting: RHB Carlos A. Martinez 0-0: Called Strike
0-1: SINGLE (Line Drive, 8LS, EV 105.0 MPH)
Chris Sabo to second
Runner from 2nd tries for 3rd, SAFE, throw by CF made to third
Batting: LHB Brady Anderson 0-0: Ball
1-0: Ball
2-0: Ball
3-0: Called Strike
3-1: Called Strike
3-2: Foul Ball, location: 2F
3-2: Base on Balls
Carlos A. Martinez to second
Batting: LHB Oddibe McDowell 0-0: Foul Ball, location: 2F
0-1: Ball
1-1: SINGLE (Flyball, 78S, EV 96.9 MPH)
Chris Sabo scores
Carlos A. Martinez to third
Brady Anderson to second
Runner from 3rd tries for Home, SAFE, no throw by CF
Batting: RHB Cal Ripken Jr. 0-0: Ground out 5-3 (Groundball, 56S, EV 71.3 MPH)
Brady Anderson to third
Oddibe McDowell to second
Batting: RHB Robby Thompson 0-0: Called Strike
0-1: Ball
1-1: Ball
2-1: Foul Ball, location: 2F
2-2: Ball
3-2: Foul Ball, location: 2F
3-2: Foul Ball, location: 2F
3-2: Foul Ball, location: 2F
3-2: Ground out 4-3 (Groundball, 4, EV 105.0 MPH)
Bottom of the 2nd over - 5 runs, 5 hits, 0 errors, 2 left on base; Columbus 1 - Milwaukee 5
TOP OF THE 3RD
Columbus Clippers batting - Pitching for Milwaukee Otters : RHP Les Lancaster
Batting: RHB Carlos Garcia 0-0: Ball
1-0: Called Strike
1-1: Fly out, F8 (Line Drive, 8LM, EV 97.5 MPH)
Batting: RHB Bubba Trammell 0-0: Ball
1-0: Foul Ball, location: 2F
1-1: Fly out, F7 (Line Drive, 7, EV 93.1 MPH)
Batting: RHB Kevin Orie 0-0: Called Strike
0-1: Ball
1-1: Ball
2-1: Ground out 2-3 (Groundball, 2R, EV 68.8 MPH)
Top of the 3rd over - 0 runs, 0 hits, 0 errors, 0 left on base; Columbus 1 - Milwaukee 5
BOTTOM OF THE 3RD
Milwaukee Otters batting - Pitching for Columbus Clippers : RHP Osvaldo Fernandez
Batting: LHB Frank Catalanotto 0-0: Fly out, F8 (Flyball, 8RD, EV 91.9 MPH)
Batting: SHB Desi Relaford 0-0: Called Strike
0-1: Called Strike
0-2: Foul Ball, location: 2F
0-2: Ball
1-2: Ball
2-2: Ball
3-2: Fly out, F9 (Flyball, 9LS, EV 93.1 MPH)
Batting: RHB Joe Vitiello 0-0: Ball
1-0: Ball
2-0: Fly out, F7 (Line Drive, 7, EV 94.4 MPH)
Bottom of the 3rd over - 0 runs, 0 hits, 0 errors, 0 left on base; Columbus 1 - Milwaukee 5
TOP OF THE 4TH
Columbus Clippers batting - Pitching for Milwaukee Otters : RHP Les Lancaster
Batting: RHB Wendell Magee 0-0: Ball
1-0: Ball
2-0: Ball
3-0: Base on Balls
Batting: LHB Chris Pritchett 0-0: Called Strike
0-1: Swinging Strike
0-2: Ball
1-2: Fly out, F8 (Flyball, 8RM, EV 90.0 MPH)
Batting: RHB Tilson Brito 0-0: Swinging Strike
0-1: Foul Ball, location: 2F
0-2: Foul Ball, location: 2F
0-2: Ball
1-2: Strikes out looking
Batting: RHB Miguel Mejia 0-0: Swinging Strike
0-1: Fielders Choice at 2nd, 5-4 (Groundball, 56, EV 79.4 MPH)
Top of the 4th over - 0 runs, 0 hits, 0 errors, 1 left on base; Columbus 1 - Milwaukee 5
BOTTOM OF THE 4TH
Milwaukee Otters batting - Pitching for Columbus Clippers : RHP Osvaldo Fernandez
Batting: RHB Chris Sabo 0-0: Foul Ball, location: 2F
0-1: Ball
1-1: Swinging Strike
1-2: Foul Ball, location: 2F
1-2: Ball
2-2: Ground out 5-3 (Groundball, 56, EV 110.0 MPH)
Batting: RHB Carlos A. Martinez 0-0: Called Strike
0-1: Ball
1-1: Ball
2-1: Ground out 6-3 (Groundball, 6, EV 88.1 MPH)
Batting: LHB Brady Anderson 0-0: Called Strike
0-1: Foul Ball, location: 2F
0-2: Ball
1-2: Fly out, F9 (Flyball, 89S, EV 95.6 MPH)
Bottom of the 4th over - 0 runs, 0 hits, 0 errors, 0 left on base; Columbus 1 - Milwaukee 5
TOP OF THE 5TH
Columbus Clippers batting - Pitching for Milwaukee Otters : RHP Les Lancaster
Batting: RHB Alberto T Castillo 0-0: Foul Ball, location: 2F
0-1: Ball
1-1: Ball
2-1: Ball
3-1: Ground out U3 (Groundball, 34, EV 81.9 MPH)
Batting: LHB Kenjiro Nomura 0-0: Fly out, F9 (Flyball, 9LMF, EV 101.3 MPH)
Batting: RHB Carlos Garcia 0-0: Called Strike
0-1: Called Strike
0-2: Foul Ball, location: 2F
0-2: Ball
1-2: Ball
2-2: Foul Ball, location: 2F
2-2: Strikes out swinging
Top of the 5th over - 0 runs, 0 hits, 0 errors, 0 left on base; Columbus 1 - Milwaukee 5
BOTTOM OF THE 5TH
Milwaukee Otters batting - Pitching for Columbus Clippers : RHP Osvaldo Fernandez
Batting: LHB Oddibe McDowell 0-0: Called Strike
0-1: Ball
1-1: Foul Ball, location: 2F
1-2: Ball
2-2: Strikes out swinging
Batting: RHB Cal Ripken Jr. 0-0: Called Strike
0-1: Ball
1-1: Fly out, F8 (Flyball, 89M, EV 91.9 MPH)
Batting: RHB Robby Thompson 0-0: Ground out 4-3 (Groundball, 34, EV 103.8 MPH)
Bottom of the 5th over - 0 runs, 0 hits, 0 errors, 0 left on base; Columbus 1 - Milwaukee 5
TOP OF THE 6TH
Columbus Clippers batting - Pitching for Milwaukee Otters : RHP Les Lancaster
Pitching: RHP Dan Miceli
Batting: RHB Bubba Trammell 0-0: Ball
1-0: Ground out 6-3 (Groundball, 6, EV 91.3 MPH)
Batting: RHB Kevin Orie 0-0: Called Strike
0-1: Called Strike
0-2: Ball
1-2: Ground out 6-3 (Groundball, 6, EV 82.5 MPH)
Batting: RHB Wendell Magee 0-0: SINGLE (Flyball, 8LS, EV 93.1 MPH)
Batting: LHB Chris Pritchett 0-0: Foul Ball, location: 2F
0-1: Ball
1-1: Ball
2-1: Swinging Strike
2-2: Fly out, F7 (Line Drive, 7, EV 100.0 MPH)
Top of the 6th over - 0 runs, 1 hit, 0 errors, 1 left on base; Columbus 1 - Milwaukee 5
BOTTOM OF THE 6TH
Milwaukee Otters batting - Pitching for Columbus Clippers : RHP Osvaldo Fernandez
Pitching: RHP Marc Wilkins
Batting: LHB Frank Catalanotto 0-0: Called Strike
0-1: Swinging Strike
0-2: Ball
1-2: Fly out, F7 (Flyball, 7, EV 86.9 MPH)
Batting: SHB Desi Relaford 0-0: Ball
1-0: Called Strike
1-1: Foul Ball, location: 2F
1-2: Ball
2-2: Fly out, F8 (Flyball, 8RM, EV 76.9 MPH)
Batting: RHB Joe Vitiello 0-0: Ball
1-0: Swinging Strike
1-1: Ball
2-1: Foul Ball, location: 2F
2-2: Fly out, F9 (Flyball, 9LM, EV 89.4 MPH)
Bottom of the 6th over - 0 runs, 0 hits, 0 errors, 0 left on base; Columbus 1 - Milwaukee 5
TOP OF THE 7TH
Columbus Clippers batting - Pitching for Milwaukee Otters : RHP Dan Miceli
Batting: RHB Tilson Brito 0-0: Ball
1-0: Ball
2-0: Called Strike
2-1: Swinging Strike
2-2: Strikes out looking
Batting: RHB Miguel Mejia 0-0: Ball
1-0: SINGLE (Flyball, 9S, EV 93.1 MPH)
Pitching: LHP Mike Myers
Batting: RHB Alberto T Castillo 0-0: Ball
1-0: Called Strike
1-1: Ball
2-1: Ball
3-1: Base on Balls
Miguel Mejia to second
Batting: LHB Kenjiro Nomura 0-0: Foul Ball, location: 2F
0-1: SINGLE (Groundball, 4MD, EV 106.3 MPH)
Miguel Mejia to third
Alberto T Castillo to second
Runner from 3rd tries for Home, SAFE, throw by CF to home
Batting: RHB Carlos Garcia 0-0: Fielders Choice at 2nd, 4-6 (Groundball, 4, EV 89.4 MPH)
Alberto T Castillo to third
Batting: RHB Bubba Trammell 0-0: Ball
1-0: Ball
2-0: Called Strike
2-1: Ground out 2-3 (Groundball, 2L, EV 61.9 MPH)
Top of the 7th over - 1 run, 2 hits, 0 errors, 2 left on base; Columbus 2 - Milwaukee 5
BOTTOM OF THE 7TH
Milwaukee Otters batting - Pitching for Columbus Clippers : RHP Marc Wilkins
Batting: RHB Chris Sabo 0-0: Swinging Strike
0-1: Ball
1-1: Ball
2-1: Foul Ball, location: 2F
2-2: Foul Ball, location: 2F
2-2: Ball
3-2: Strikes out swinging
Batting: RHB Carlos A. Martinez 0-0: Ball
1-0: Ball
2-0: Ground out 6-3 (Groundball, 4M, EV 109.4 MPH)
Batting: LHB Brady Anderson 0-0: Called Strike
0-1: Ball
1-1: Foul Ball, location: 2F
1-2: Strikes out swinging
Bottom of the 7th over - 0 runs, 0 hits, 0 errors, 0 left on base; Columbus 2 - Milwaukee 5
TOP OF THE 8TH
Columbus Clippers batting - Pitching for Milwaukee Otters : LHP Mike Myers
Batting: RHB Kevin Orie 0-0: Ball
1-0: Foul Ball, location: 2F
1-1: Ball
2-1: Ground out 5-3 (Groundball, 5, EV 98.1 MPH)
Batting: RHB Wendell Magee 0-0: Ball
1-0: Ball
2-0: SINGLE (Groundball, 56D, EV 95.0 MPH)
Batting: LHB Chris Pritchett 0-0: Swinging Strike
0-1: Ball
1-1: Ball
2-1: Fly out, F7 (Flyball, 7, EV 91.3 MPH)
Batting: RHB Tilson Brito 0-0: Ball
1-0: Fly out, F9 (Flyball, 9, EV 89.4 MPH)
Top of the 8th over - 0 runs, 1 hit, 0 errors, 1 left on base; Columbus 2 - Milwaukee 5
BOTTOM OF THE 8TH
Milwaukee Otters batting - Pitching for Columbus Clippers : RHP Marc Wilkins
Batting: LHB Oddibe McDowell 0-0: Ball
1-0: Called Strike
1-1: Fly out, F7 (Flyball, 7S, EV 81.9 MPH)
Batting: RHB Cal Ripken Jr. 0-0: Called Strike
0-1: Ball
1-1: DOUBLE (Line Drive, 8RXD, EV 111.9 MPH)
Pitching: RHP Chris Brock
Batting: RHB Robby Thompson 0-0: Ball
1-0: Ball
2-0: Ball
3-0: Called Strike
3-1: SINGLE (Line Drive, 6D, EV 95.0 MPH)
Cal Ripken Jr. to third
Batting: LHB Frank Catalanotto Pickoff Throw to First - Error! E1
Cal Ripken Jr. scores
Robby Thompson to second
0-0: Ball
1-0: Foul Ball, location: 2F
1-1: Foul Ball, location: 2F
1-2: Fly out, F8 (Line Drive, 8RM, EV 100.6 MPH)
Batting: SHB Desi Relaford 0-0: Ball
1-0: Ball
2-0: Called Strike
2-1: Foul Ball, location: 2F
2-2: Ball
3-2: Foul Ball, location: 2F
3-2: Base on Balls
Batting: RHB Joe Vitiello 0-0: Fly out, F8 (Flyball, 8RM, EV 95.6 MPH)
Bottom of the 8th over - 1 run, 2 hits, 1 error, 2 left on base; Columbus 2 - Milwaukee 6
TOP OF THE 9TH
Columbus Clippers batting - Pitching for Milwaukee Otters : LHP Mike Myers
Batting: RHB Miguel Mejia 0-0: Foul Ball, location: 2F
0-1: DOUBLE (Groundball, 5L, EV 110.0 MPH)
Batting: RHB Alberto T Castillo 0-0: Foul Ball, location: 2F
0-1: Swinging Strike
0-2: Ball
Wild Pitch!
Miguel Mejia to third
1-2: Ground out 4-3 (Groundball, 4, EV 85.0 MPH)
Miguel Mejia scores
Batting: LHB Kenjiro Nomura 0-0: Called Strike
0-1: Ball
1-1: Ball
2-1: Ball
3-1: Called Strike
3-2: Fly out, F7 (Flyball, 78M, EV 77.5 MPH)
Pitching: RHP Todd Ritchie
Now at 3B: Tony Graffanino
Now in LF: Deion Sanders
Batting: RHB Carlos Garcia 0-0: Ground out 6-3 (Groundball, 6S, EV 90.6 MPH)
Top of the 9th over - 1 run, 1 hit, 0 errors, 0 left on base; Columbus 3 - Milwaukee 6
Thursday, February 12th, 2026 - OOTP Baseball 20.8 Build 74